 Dungeon Crawl Stone Soup version 0.29-a0-477-g62b78b4225 (webtiles) character file.

Game seed: 2593669660848961341

6 porpoise the Shooter (level 1, 0/12 HPs)
             Began as a Tengu Arcane Marksman on May 25, 2022.
             Slain by a jackal (2 damage)
             ... on level 1 of the Dungeon.
             The game lasted 00:01:25 (531 turns).

porpoise the Shooter (Tengu Arcane Marksman)         Turns: 531, Time: 00:01:25

Health: 0/12       AC:  2    Str: 10    XL:     1   Next: 90%
Magic:  3/3        EV: 12    Int: 13    God:
Gold:   24         SH:  0    Dex: 14    Spells: 1/2 levels left

rFire   . . .      SeeInvis .   a - +0 shortbow
rCold   . . .      Faith    .   (shield currently unavailable)
rNeg    . . .      Spirit   .   b - +0 robe
rPois   .          Reflect  .   (helmet restricted)
rElec   .          Harm     .   (no cloak)
rCorr   .          Rampage  .   (no gloves)
Will    .....                   (boots unavailable)
Stlth   +.........              (no amulet)
HPRegen 0.04/turn               (no ring)
MPRegen 0.08/turn               (no ring)

@: no status effects
A: beak, talons 3
a: no special abilities


You were on level 1 of the Dungeon.
You visited 1 branch of the dungeon, and saw 1 of its levels.

You collected 24 gold pieces.

Inventory:

Hand Weapons
 a - a +0 shortbow (weapon)
Armour
 b - a +0 robe (worn)
Scrolls
 c - a scroll of vulnerability
 d - a scroll of immolation {unknown}
 f - a scroll of noise {unknown}
 g - a scroll of teleportation {unknown}
Potions
 e - a potion of attraction {unknown}


   Skills:
 + Level 1.3 Fighting
 * Level 2.6 Bows
 - Level 2.1 Dodging
 - Level 1.0 Spellcasting
 - Level 2.1 Hexes


You had one spell level left.
You knew the following spells:

 Your Spells              Type           Power      Damage    Failure   Level
a - Slow                  Hex            24%        N/A       12%         1

Your spell library contained the following spells:

 Spells                   Type           Power      Damage    Failure   Level
 Inner Flame              Hex/Fire       3%         N/A       47%         3
 Portal Projectile        Hex/Tloc       6%         N/A       47%         3
 Cause Fear               Hex            3%         N/A       75%         4


Dungeon Overview and Level Annotations

Branches:
Dungeon (1/15)

Altars:


Innate Abilities, Weirdness & Mutations

You have a beak for a mouth.
You have claws for feet.


Message History

You shoot an arrow. The arrow hits the jackal.
You kill the jackal!
Unknown command.
You start resting.
Magic restored.
You start resting.
HP restored.
You see here a jackal corpse.
Found 14 stones. 2 jackals come into view.
The jackal barks!
The jackal misses you. The jackal closely misses you.
The jackal barks!
You see here a +2 tower shield.
The jackal closely misses you. x2
The jackal attacks as you move away! The jackal barely misses you.
A rat comes into view.
The jackal bites you but does no damage.
The jackal bites you. The jackal attacks as you move away!
The jackal closely misses you.
Shoot: a) +0 shortbow
Press: ? - help, Q - select action, (/) - cycle Shift-Dir - straight line, f - rat
Aim: a rat (59% to hit)
You shoot an arrow. The arrow barely misses the rat.
The jackal barely misses you. The rat completely misses you.
The jackal bites you. The rat completely misses you.
Shoot: a) +0 shortbow
Press: ? - help, Q - select action, (/) - cycle Shift-Dir - straight line, f/p - rat
Aim: a rat (59% to hit)
You shoot an arrow. The arrow hits the rat.
The rat is moderately wounded.
The jackal misses you. The jackal bites you. The rat bites you.
Shoot: a) +0 shortbow
Press: ? - help, Q - select action, (/) - cycle Shift-Dir - straight line, f/p - rat
Aim: a rat (moderately wounded, 59% to hit)
You shoot an arrow. The arrow closely misses the rat.
The jackal bites you. The rat bites you.
* * * LOW HITPOINT WARNING * * *
The jackal bites you.
You die...

.. #. # #. #.#.#
#. #.#.. #. ....
######.#####.###
.$........(..r.#
###.# #.#@#
#.#.####.#h#
#.......[.h#
#†##.###.###
#.##.# #.#
#†##.# #.#
#.##.# #.#
#.##.# #.#
#######.##.###.#


You could see 2 jackals and a rat.

Vanquished Creatures
  A bat (D:1)
  An endoplasm (D:1)
  A jackal (D:1)
  2 ball pythons (D:1)
  A rat (D:1)
6 creatures vanquished.

Notes
Turn   | Place    | Note
-------+----------+-------------------------------------------
     0 | D:1      | porpoise the Tengu Arcane Marksman began the quest for the
                  | Orb.
     0 | D:1      | Reached XP level 1. HP: 12/12 MP: 3/3
   531 | D:1      | Slain by a jackal

Illustrated notes

Levels and vault maps discovered:
D:1:      scummos_arrival_simple_fountains, layout_basic,
          minmay_misc_feat_hallway

Action                   || total
-------------------------++-------
 Fire: Shortbow          ||    28
 Cast: Slow              ||     5
Armor: Robe              ||     8
Dodge: Dodged            ||    24

Table legend: (Time is in decaauts)
 A = Elapsed time spent in this place.
 B = Non-inter-level travel time spent in this place.
 C = Inter-level travel time spent in this place.
 D = Time resting spent in this place.
 E = Time spent auto-exploring this place.
 F = Levels seen in this place.
 G = Mean time per level.
                   A        B        C        D        E       F      G
               +--------+--------+--------+--------+--------+-----+--------+
         Total |    541 |    541 |      0 |    162 |    312 |   1 |  541.0 |
       Dungeon |    541 |    541 |      0 |    162 |    312 |   1 |  541.0 |
               +--------+--------+--------+--------+--------+-----+--------+

Top non-repeatable levels by time:
     D:1: 541 daAuts
